 Dungeon Crawl Stone Soup version 0.28.0-53-g5a82cb258f (webtiles) character file.

Game seed: 9049568363377135404

681 quokkamancerX the Covert (level 7, 0/36 HPs)
             Began as a Deep Elf Conjurer on May 28, 2022.
             Slain by Edmund
             ... wielding a +2 flail of protection
              (7 damage)
             ... on level 5 of the Dungeon.
             The game lasted 00:15:55 (5143 turns).

quokkamancerX the Covert (Deep Elf Conjurer)        Turns: 5143, Time: 00:15:55

Health: 0/36       AC:  6    Str:  4    XL:     7   Next: 34%
Magic:  6/18       EV: 11    Int: 25    God:
Gold:   358        SH:  0    Dex: 13    Spells: 15/18 levels left

rFire   . . .      SeeInvis .   j - +1 whip (venom)
rCold   . . .      Faith    .   (no shield)
rNeg    . . .      Spirit   .   e - +0 leather armour
rPois   +          Reflect  .   (no helmet)
rElec   .          Harm     .   (no cloak)
rCorr   .          Rampage  .   (no gloves)
Will    .....                   h - +2 pair of boots
Stlth   +++.......              (no amulet)
HPRegen 0.12/turn               k - ring of poison resistance
MPRegen 0.16/turn               (no ring)

@: no status effects
A: no striking features
a: no special abilities


You were on level 5 of the Dungeon.
You visited 1 branch of the dungeon, and saw 5 of its levels.
You also visited: Ossuary.

You collected 358 gold pieces.

Inventory:

Hand Weapons
 j - a +1 whip of venom (weapon)
Missiles
 d - 115 stones
 r - 6 curare-tipped darts
Armour
 e - a +0 leather armour (worn)
 h - a +2 pair of boots (worn)
Jewellery
 k - a ring of poison resistance (left hand)
 o - the ring of Gapsut {rF+ rN+ Str+2 Slay+4 Stlth-}
   (You found it on level 2 of the Dungeon)

   [ring of protection from fire]

   Str:       It affects your strength (+2).
   Slay:      It affects your accuracy & damage with ranged weapons and melee
   (+4).
   rF:        It protects you from fire.
   rN:        It protects you from negative energy.
   Stlth:     It makes you less stealthy.
Scrolls
 b - a scroll of vulnerability
 c - a scroll of fear
 f - a scroll of teleportation
 i - 2 scrolls of identify
 l - a scroll of amnesia {unknown}
 m - 2 scrolls of fog {unknown}
 n - a scroll of blinking {unknown}
 s - a scroll of torment {unknown}
 t - a scroll of enchant weapon {unknown}
 W - 2 scrolls of enchant armour
Potions
 a - a potion of berserk rage {unknown}
 g - 7 potions of curing
 p - 4 potions of lignification
 q - a potion of might {unknown}
 u - a potion of brilliance {unknown}
 v - a potion of heal wounds {unknown}
 w - 4 potions of haste {unknown}
 x - a potion of mutation {unknown}
 z - a potion of resistance {unknown}


   Skills:
 - Level 2.4 Dodging
 - Level 8.0 Stealth
 - Level 6.0 Spellcasting
 + Level 6.1 Conjurations


You had 15 spell levels left.
You knew the following spells:

 Your Spells              Type           Power      Damage    Failure   Level
a - Magic Dart            Conj           100%       1d8       1%          1
b - Searing Ray           Conj           76%        2d7       1%          2

Your spell library contained the following spells:

 Spells                   Type           Power      Damage    Failure   Level
 Dazzling Flash           Conj/Hex       44%        N/A       11%         3
 Portal Projectile        Hex/Tloc       14%        N/A       36%         3
 Fulminant Prism          Conj/Hex       11%        3d9       36%         4
 Iskenderun's Mystic Bla  Conj/Tloc      22%        2d6       36%         4
 Blade Hands              Tmut           3%         N/A       98%         5
 Excruciating Wounds      Necr           3%         N/A       98%         5


Dungeon Overview and Level Annotations

Branches:
Dungeon (5/15)            Ossuary (visited)
 Temple: D:4-7

Altars:

Annotations:
D:5 Edmund


Message History

Edmund is lightly wounded.
Edmund hits you with a +2 flail of protection!
The searing ray hits Edmund.
Edmund is lightly wounded.
You finish channelling your searing ray.
Edmund hits you with a +2 flail of protection!
Edmund hits you with a +2 flail of protection.
Casting: Searing Ray (safe; 1% risk of failure)
Confirm with . or Enter, or press ? or * to list all spells.
Aiming: Searing Ray (safe; 1% risk of failure)
Press: ? - help, Shift-Dir - straight line, f/p - Edmund
Aim: Edmund, wielding a +2 flail of protection and wearing a +0 ring mail (lightly wounded, 83% to hit)
The searing ray hits Edmund.
Edmund is moderately wounded. (Press . to maintain the ray.) Edmund closely misses you.
The searing ray hits Edmund but does no damage.
Edmund is moderately wounded.
Edmund closely misses you. The adder bites you.
The searing ray hits Edmund but does no damage.
Edmund is moderately wounded.
The adder bites you but does no damage.
Edmund hits you with a +2 flail of protection!
* * * LOW HITPOINT WARNING * * *
The searing ray misses Edmund.
You finish channelling your searing ray.
The adder bites you but does no damage. Edmund closely misses you.
The adder bites you but does no damage.
Casting: Searing Ray (safe; 1% risk of failure)
Confirm with . or Enter, or press ? or * to list all spells.
Aiming: Searing Ray (safe; 1% risk of failure)
Press: ? - help, Shift-Dir - straight line, f/p - Edmund
Aim: Edmund, wielding a +2 flail of protection and wearing a +0 ring mail (moderately wounded, 83% to hit)
The searing ray hits Edmund.
Edmund is moderately wounded.
The searing ray hits the adder!
You kill the adder! (Press . to maintain the ray.) Edmund hits you with a +2 flail of protection!
You die...

.... ...# #..# #..#
#.####..# ##########
...... #........#
###..######.######.######
#......†@@..# #.# ...#
#.#..######## #.# ...
#..# #.# ... ....# #.#
#(# ###.## #.# #.# #.
##.###.# #. #.#...<# #.
##.##### ###


You could see Edmund.

Vanquished Creatures
  Eustachio (D:4)
  2 ogres (D:4)
  A water moccasin skeleton (D:4)
  A centaur skeleton (D:4)
  An iguana (D:3)
  8 mummies (Ossuary)
  5 gnolls
  4 adders
  2 adder skeletons (D:4)
  3 worms (D:2)
  A dart slug (D:3)
  5 bats
  6 endoplasms
  7 giant cockroaches
  2 gnoll zombies (Ossuary)
  4 hobgoblins
  6 jackals (D:2)
  10 kobolds
  3 quokkas
  7 ball pythons
  3 frilled lizards
  3 goblins
  2 hobgoblin zombies (Ossuary)
  3 kobold zombies (Ossuary)
  An orc zombie (Ossuary)
  6 rats
97 creatures vanquished.

Notes
Turn   | Place    | Note
-------+----------+-------------------------------------------
     0 | D:1      | quokkamancerX the Deep Elf Conjurer began the quest for the
                  | Orb.
     0 | D:1      | Reached XP level 1. HP: 10/10 MP: 6/6
   129 | D:1      | Reached skill level 3 in Stealth
   142 | D:1      | Reached XP level 2. HP: 15/15 MP: 4/8
   721 | D:1      | Reached XP level 3. HP: 19/19 MP: 8/10
  1011 | D:2      | Learned a level 2 spell: Searing Ray
  1042 | D:2      | Reached skill level 4 in Stealth
  1336 | D:2      | Reached XP level 4. HP: 6/24 MP: 6/12
  1931 | D:2      | Reached skill level 5 in Spellcasting
  1972 | D:2      | Identified the ring of Gapsut {rF+ rN+ Str+2 Slay+4 Stlth-}
  2542 | D:3      | Reached skill level 5 in Stealth
  2542 | D:3      | Reached XP level 5. HP: 17/28 MP: 8/14
  3071 | D:4      | Found a sand-covered staircase.
  3080 | Ossuary  | Entered an ossuary
  3591 | Ossuary  | Reached skill level 6 in Stealth
  3893 | D:4      | Reached XP level 6. HP: 22/32 MP: 6/17
  4236 | D:4      | Reached skill level 7 in Stealth
  4365 | D:4      | Reached skill level 8 in Stealth
  4596 | D:4      | Reached skill level 5 in Conjurations
  4596 | D:4      | Reached XP level 7. HP: 36/36 MP: 11/18
  4701 | D:4      | Noticed Eustachio
  4709 | D:4      | Killed Eustachio
  5096 | D:5      | Entered Level 5 of the Dungeon
  5123 | D:5      | Noticed Edmund
  5143 | D:5      | Slain by Edmund

Illustrated notes

Levels and vault maps discovered:
D:1:      lordsloth_arrival_two_stooges, layout_basic, minmay_bisected
D:2:      minmay_door_path, layout_basic, shapermc_ecumenical_altar_petra
D:3:      layout_loops_ring
D:4:      layout_loops_ring, chequers_ossuary_entry_cave, due_unseen_surprise,
          uniq_eustachio
D:5:      layout_loops_ring, gup_sewer_entry_pipe, nicolae_grassy_gnolls,
          uniq_edmund, uniq_menkaure

Skill      XL: |  1  2  3  4  5  6  7 |
---------------+----------------------+-----
Stealth        | 3 4 5 6 8 |  8.0
Spellcasting   | 4 5 6 |  6.0
Conjurations   | 5 6 |  6.1
Dodging        | |  2.4

Action                   |  1- 3 |  4- 6 |  7- 9 || total
-------------------------+-------+-------+-------++-------
Melee: Whip              |       |     3 |       ||     3
 Cast: Magic Dart        |    74 |   136 |    13 ||   223
       Searing Ray       |     1 |     9 |     5 ||    15
  Use: Scroll            |       |    10 |       ||    10
Armor: Robe              |     1 |       |       ||     1
       Leather armour    |     2 |     7 |     3 ||    12
Dodge: Dodged            |     8 |    11 |     4 ||    23
